 Dungeon Crawl Stone Soup version 0.31-a0-234-gad7ace16ef (webtiles) character file.

Game seed: 16287671808413781846

3008 Ijustatesigmund the Stinger (level 9, -6/55 HPs)
             Began as an Octopode Venom Mage on July 10, 2023.
             Was a Believer of Vehumet.
             Killed from afar by a steam dragon (19 damage)
             ... with a ball of steam
             ... on level 8 of the Dungeon.
             The game lasted 00:19:28 (9611 turns).

Ijustatesigmund the Stinger (Octopode Venom Mage)   Turns: 9611, Time: 00:19:29

Health: -6/55      AC:  1    Str:  7    XL:     9   Next: 84%
Magic:  17/17      EV: 19    Int: 22    God:    Vehumet [**....]
Gold:   370        SH:  0    Dex: 12    Spells: 6/19 levels left

rFire   . . .        b - +3 war axe
rCold   . . .        (no shield)
rNeg    . . .        (helmet restricted)
rPois   .            i - amulet of regeneration
rElec   .            m - ring of resist corrosion
rCorr   +            n - +5 ring of evasion
SInv    .            (no ring)
Will    .....        (no ring)
Stlth   +++          (no ring)
HPRegen 1.09/turn    (no ring)
MPRegen 0.15/turn    (no ring)
                     (no ring)

%: no passive effects
@: no status effects
A: almost no armour, amphibious, 8 rings, camouflage 1, gelatinous body 1,
(nimble swimmer 1), tentacles
a: Renounce Religion


You were on level 8 of the Dungeon.
You worshipped Vehumet.
Vehumet was pleased with you.
You visited 2 branches of the dungeon, and saw 9 of its levels.
You also visited: Sewer.

You collected 370 gold pieces.

Inventory:

Hand Weapons
 b - a +3 war axe (weapon)
 c - a +4 dire flail
 u - a +4 flail of protection
Missiles
 t - 2 throwing nets
Armour
 g - a +2 kite shield
Jewellery
 i - an amulet of regeneration (around mantle)
 m - a ring of resist corrosion (left tentacle)
 n - a +5 ring of evasion (right tentacle)
Scrolls
 d - 2 scrolls of amnesia
 f - a scroll of blinking
 k - 2 scrolls of teleportation
Potions
 a - 3 potions of magic
 e - 3 potions of enlightenment
 h - 2 potions of mutation {unknown}
 j - a potion of curing
 o - 2 potions of invisibility {unknown}
 p - a potion of brilliance {unknown}
 q - a potion of experience {unknown}
 r - a potion of cancellation {unknown}
 s - a potion of attraction {unknown}
 v - a potion of degeneration {unknown}


   Skills:
 - Level 2.6 Fighting
 - Level 2.1 Axes
 - Level 3.8 Dodging
 - Level 2.6 Stealth
 + Level 5.2 Shields
 - Level 5.5 Spellcasting
 - Level 5.2 Conjurations
 - Level 1.0 Transmutations
 - Level 5.2 Air Magic
 - Level 7.6 Poison Magic


You had 6 spell levels left.
You knew the following spells:

 Your Spells              Type           Power      Damage    Failure   Level
a - Sting                 Tmut/Pois      100%       1d8       1%          1
b - Poisonous Vapours     Pois/Air       68%        N/A       1%          2
c - Mephitic Cloud        Conj/Pois/Air  32%        N/A       2%          3
d - Olgreb's Toxic Radia  Pois           39%        N/A       4%          4
e - Swiftness             Air            29%        N/A       3%          3

Your spell library contained the following spells:

 Spells                   Type           Power      Damage    Failure   Level
 Searing Ray              Conj           58%        2d6       1%          2
 Shock                    Conj/Air       100%       1d9       1%          1
 Static Discharge         Conj/Air       58%        2-5/arc   1%          2
 Spider Form              Tmut/Pois      25%        N/A       4%          3
 Beastly Appendage        Tmut           20%        N/A       6%          1
 Wereblood                Tmut           10%        N/A       10%         2
 Airstrike                Air            14%        2d(3-19)  11%         4
 Sublimation of Blood     Necr           6%         N/A       14%         2
 Call Canine Familiar     Summ           6%         N/A       28%         3
 Portal Projectile        Hex/Tloc       12%        N/A       28%         3
 Tukima's Dance           Hex            6%         N/A       28%         3
 Summon Lightning Spire   Summ/Air       17%        N/A       32%         4
 Silence                  Hex/Air        8%         N/A       65%         5
 Leda's Liquefaction      Hex/Erth       3%         N/A       67%         4
 Passage of Golubria      Tloc           6%         N/A       67%         4
 Yara's Violent Unravell  Hex/Tmut       4%         3d4       91%         5
 Summon Hydra             Summ           3%         N/A       100%        7
 Lehudib's Crystal Spear  Conj/Erth      8%         10d4      100%        8


Dungeon Overview and Level Annotations

Branches:
Dungeon (8/15)             Temple (1/1) D:5           Sewer (visited)
   Lair: D:8-11

Altars:
Cheibriados
Dithmenos
Elyvilon
Fedhas
Gozag
Hepliaklqana
Kikubaaqudgha
Makhleb
Nemelex Xobeh
Okawaru
Qazlal
Ru
Sif Muna
Trog
Uskayaw
Vehumet
Wu Jian
Xom
Yredelemnul
Zin

Shops:
D:1 (

Annotations:
D:6 2 transporters, Nattfarinn's ghost, novice DjVM


Innate Abilities, Weirdness & Mutations

You cannot wear most types of armour.
You are amphibious.
You can wear up to eight rings at the same time.
Your skin changes colour to match your surroundings (Stealth+).
Your rubbery body absorbs attacks. (AC +1, EV +1)
((You are camouflaged when in or above water. (Stealth+)))
You have tentacles for arms and can constrict up to eight enemies at once.


Message History

Confirm with . or Enter, or press ? or * to list all spells.
Aiming: Poisonous Vapours (safe; 1% risk of failure)
Press: ? - help, Dir - move target, f/p - steam dragon
Aim: a steam dragon (severely wounded, fleeing) Poisonous vapours surround the steam dragon!
The steam dragon is poisoned.
Your attack snaps the steam dragon out of its fear.
You climb upwards.
There is a stone staircase leading down here.
You start resting.
HP restored.
You start resting.
Magic restored.
You climb downwards.
The steam dragon breathes steam at you. The ball of steam misses you.
There is a stone staircase leading up here.
You barely miss the steam dragon.
The steam dragon is almost dead.
You are engulfed in a cloud of scalding steam.
The steam dragon completely misses you. The steam dragon barely misses you.
The steam dragon misses you. The steam dragon claws you.
You closely miss the steam dragon. You squeeze the steam dragon.
The steam dragon is almost dead.
The steam dragon bites you but does no damage.
The steam dragon misses you.
You closely miss the steam dragon. Your squeeze misses the steam dragon.
The steam dragon is almost dead.
The steam dragon breathes steam at you. The ball of steam hits you!
The steam dragon barely misses you. The steam dragon misses you.
The steam dragon bites you.
* * * LOW HITPOINT WARNING * * *
The steam dragon claws you.
* * * LOW HITPOINT WARNING * * *
As you read the scroll of fear, it crumbles to dust.
You assume a fearsome visage.
The steam dragon looks frightened!
The steam dragon breathes steam at you. The ball of steam hits you!!
You die...

## .. #. #. #
#.###. .#
#....?####.#.#
#.#.##.D.§§..#
#........@#§###
#!.#.##.#.# # #
#.#.# #.#.#
..... ...!#
#....# .....#


You could see a steam dragon (fleeing, catching breath).

Vanquished Creatures
  Pikel (D:4)
  A water moccasin (D:5)
  Edmund (D:4)
  An orc warrior (D:7)
  2 black bears
  3 sky beasts (D:7)
  An ice beast (D:6)
  2 ogres
  A kobold brigand (D:5)
  A bullfrog (D:7)
  A scorpion (D:6)
  A wight (D:7)
  A killer bee (D:7)
  4 hounds
  6 crimson imps (D:7)
  8 jellies
  An orc priest (D:7)
  A gnoll bouda (D:6)
  2 iguanas
  Natasha (thrice) (D:2)
  A sleepcap (D:5)
  5 orc wizards
  9 gnolls
  9 adders
  3 river rats
  2 shadow imps
  2 white imps
  3 worms
  A dart slug (D:3)
  16 orcs
  3 bats
  12 endoplasms
  8 giant cockroaches
  5 goblins
  8 hobgoblins
  8 quokkas
  8 ball pythons
  9 frilled lizards
  12 kobolds
  15 rats
181 creatures vanquished.

Notes
Turn   | Place    | Note
-------+----------+-------------------------------------------
     0 | D:1      | Ijustatesigmund the Octopode Venom Mage began the quest for
                  | the Orb.
     0 | D:1      | Reached XP level 1. HP: 11/11 MP: 3/3
    27 | D:1      | Reached XP level 2. HP: 4/18 MP: 1/5
   249 | D:1      | Reached skill level 1 in Fighting
   472 | D:1      | Learned a level 2 spell: Poisonous Vapours
   498 | D:1      | Reached skill level 4 in Poison Magic
   622 | D:1      | Found Yveixiut's Weapon Shop.
  1252 | D:1      | Reached XP level 3. HP: 23/23 MP: 3/6
  1292 | D:1      | Learned a level 3 spell: Mephitic Cloud
  2207 | D:2      | Identified the +0 helmet of Grace {Harm rPois rC+}
  2219 | D:2      | Reached skill level 1 in Air Magic
  2367 | D:2      | Noticed Natasha
  2379 | D:2      | Killed Natasha
  2380 | D:2      | Reached skill level 1 in Conjurations
  2380 | D:2      | Reached XP level 4. HP: 28/28 MP: 1/8
  2478 | D:2      | Noticed Natasha
  2484 | D:2      | Killed Natasha
  2640 | D:2      | Noticed Natasha
  2646 | D:2      | Killed Natasha
  2647 | D:2      | Reached XP level 5. HP: 24/33 MP: 2/9
  2652 | D:2      | Learned a level 4 spell: Olgreb's Toxic Radiance
  4023 | D:4      | Noticed Edmund
  4064 | D:5      | Entered Level 5 of the Dungeon
  4297 | D:5      | Noticed an ogre
  4308 | D:5      | Killed an ogre
  4309 | D:5      | Reached skill level 5 in Poison Magic
  4309 | D:5      | Reached XP level 6. HP: 38/38 MP: 1/11
  4872 | D:5      | Noticed a water moccasin
  4892 | D:5      | Killed a water moccasin
  4893 | D:5      | Reached skill level 1 in Axes
  4893 | D:5      | Reached XP level 7. HP: 28/44 MP: 6/12
  5444 | D:5      | Found a staircase to the Ecumenical Temple.
  5450 | Temple   | Entered the Ecumenical Temple
  5636 | Temple   | Became a worshipper of Vehumet
  6202 | D:6      | Found a blossoming altar of Fedhas.
  6207 | D:6      | Found a white marble altar of Elyvilon.
  6240 | D:6      | Noticed Nattfarinn's ghost (novice DjVM)
  6254 | D:6      | Found a transporter.
  6269 | D:6      | Found a transporter.
  6336 | D:6      | Found a glowing drain.
  6340 | D:6      | Reached XP level 8. HP: 33/51 MP: 6/14
  6347 | Sewer    | Entered a sewer
  6463 | Sewer    | Reached skill level 6 in Poison Magic
  6754 | Sewer    | Reached * piety under Vehumet
  6754 | Sewer    | Offered knowledge of Shock by Vehumet.
  6796 | Sewer    | Found a viscous altar of Jiyva.
  8164 | D:7      | Offered knowledge of Freeze by Vehumet.
  8169 | D:7      | Reached skill level 5 in Spellcasting
  8170 | D:7      | Reached ** piety under Vehumet
  8171 | D:7      | Reached skill level 7 in Poison Magic
  8402 | D:7      | Reached XP level 9. HP: 40/55 MP: 13/16
  8406 | D:7      | Learned a level 3 spell: Swiftness
  8605 | D:7      | Reached skill level 5 in Air Magic
  8625 | D:7      | Noticed a skeletal warrior
  8629 | D:7      | Reached skill level 5 in Conjurations
  9066 | D:4      | Reached skill level 1 in Shields
  9106 | D:4      | Offered knowledge of Searing Ray by Vehumet.
  9209 | D:4      | Noticed Pikel
  9223 | D:4      | Killed Pikel
  9344 | D:4      | Killed Edmund
  9369 | D:4      | Reached skill level 5 in Shields
  9426 | D:4      | Found a basalt altar of Yredelemnul.
  9611 | D:8      | Killed from afar by a steam dragon

Illustrated notes

Levels and vault maps discovered:
D:1:      onia_arrival_handbag, layout_loops_corners, serial_shops, shop,
          minmay_misc_feat_columns
D:2:      layout_rooms, uniq_natasha
D:3:      layout_loops_ring, minmay_fountain_box
D:4:      layout_basic, general_overflow_altar, minmay_crystal_water,
          uniq_edmund, uniq_pikel
D:5:      layout_basic, minmay_temple_entry_butterflies
D:6:      layout_basic, minitemple, portal_sewer_entry_e, gammafunk_ghost_arena
D:7:      minmay_chambers_of_fours, layout_rooms, minmay_nine_imps
D:8:      layout_loops_ring, serial_shops, shop, gammafunk_ghost_ooze,
          minmay_manual_moon
Temple:   bh_familiar_temple

Skill      XL: |  1  2  3  4  5  6  7  8  9 |
---------------+----------------------------+-----
Fighting       | 1 2 |  2.6
Poison Magic   | 4 5 7 |  7.6
Air Magic      | 1 2 3 4 5 |  5.2
Conjurations   | 1 2 3 4 5 |  5.2
Spellcasting   | 3 4 5 |  5.5
Axes           | 1 2 |  2.1
Dodging        | 3 |  3.8
Shields        | 5 |  5.2
Stealth        | |  2.6
Transmutations | |  1.0

Action                     |  1- 3 |  4- 6 |  7- 9 || total
---------------------------+-------+-------+-------++-------
  Melee: Mace              |    34 |     6 |       ||    40
         Constrict         |    10 |    18 |    38 ||    66
         Tentacles         |     5 |    13 |    46 ||    64
         Punch             |     1 |       |       ||     1
         War axe           |       |    52 |   209 ||   261
   Cast: Sting             |    16 |     2 |    17 ||    35
         Poisonous Vapours |    28 |    36 |    28 ||    92
         Olgreb's Toxic Ra |       |     4 |    19 ||    23
         Mephitic Cloud    |       |     1 |     1 ||     2
  Evoke: Wand              |       |       |     3 ||     3
    Use: Scroll            |     4 |     8 |     7 ||    19
         Potion            |       |     1 |     4 ||     5
   Stab: Sleeping          |       |     1 |    13 ||    14
 Armour: Skin              |     2 |     2 |    10 ||    14
  Dodge: Dodged            |    29 |    38 |   190 ||   257

Table legend: (Time is in decaauts)
 A = Elapsed time spent in this place.
 B = Non-inter-level travel time spent in this place.
 C = Inter-level travel time spent in this place.
 D = Time resting spent in this place.
 E = Time spent auto-exploring this place.
 F = Levels seen in this place.
 G = Mean time per level.
                   A        B        C        D        E       F      G
               +--------+--------+--------+--------+--------+-----+--------+
         Total |   9762 |   9394 |    368 |   2883 |   5119 |  10 |  976.2 |
       Dungeon |   9006 |   8686 |    320 |   2629 |   4788 |   8 | 1125.8 |
        Temple |    204 |    157 |     47 |      0 |    155 |   1 |  204.0 |
         Sewer |    551 |    551 |      0 |    254 |    176 |   1 |  551.0 |
               +--------+--------+--------+--------+--------+-----+--------+

Top non-repeatable levels by time:
     D:1: 1954 daAuts
     D:5: 1704 daAuts
     D:6: 1364 daAuts
     D:7: 1213 daAuts
     D:2: 1030 daAuts
     D:4: 875 daAuts
     D:3: 839 daAuts
   Sewer: 551 daAuts
  Temple: 204 daAuts
     D:8: 24 daAuts
